 Dungeon Crawl Stone Soup version 0.32-a0-799-g95e1662365 (webtiles) character file.

Game seed: 5598901546574615829

424 ezpacito the Trooper (level 6, -5/48 HPs)
             Began as a Coglin Chaos Knight on Mar 22, 2024.
             Was a Plaything of Xom.
             Slain by an ogre
             ... wielding a +1 giant club of chaos
              (16 damage)
             ... on level 4 of the Dungeon.
             The game lasted 00:02:56 (2704 turns).

ezpacito the Trooper (Coglin Chaos Knight)          Turns: 2704, Time: 00:02:56

Health: -5/48      AC: 10    Str: 14    XL:     6   Next: 96%
Magic:  8/8        EV:  6    Int: 11    God:    Xom [*.....]
Gold:   214        SH:  0    Dex: 14    Spells: 7/7 levels left

rFire   + . .        u - +8 mace "Estim" {drain, rPois rC+ rN+}
rCold   + + .        a - +0 hand axe (chaos) {Seojun}
rNeg    + . .        h - +0 chain mail
rPois   +            (no helmet)
rElec   +            (no cloak)
rCorr   +            (no gloves)
SInv    .            r - +0 pair of boots
Will    +....        (amulet unavailable) Stlth
                     (ring unavailable)
HPRegen 0.28/turn    (ring unavailable)
MPRegen 0.11/turn    (no gizmo)

%: no passive effects
@: resistant, enlightened, flying, revving
A: off-hand wielding, slow wielding, warmup strikes, no jewellery
a: Invent Gizmo, Renounce Religion


You were on level 4 of the Dungeon.
You worshipped Xom.
You were a special plaything of Xom.
You visited 1 branch of the dungeon, and saw 4 of its levels.

You collected 214 gold pieces.

Inventory:

Hand Weapons
 a - a +0 hand axe of chaos (offhand) {Seojun}
 e - a +0 spear {Ichio}
 u - the +8 mace "Estim" (weapon) {drain, rPois rC+ rN+}
   (You found it on level 4 of the Dungeon)

   rC+:       It protects you from cold.
   rPois:     It protects you from poison.
   rN+:       It protects you from negative energy.
Missiles
 i - 7 poisoned darts (quivered)
 n - 4 boomerangs
Armour
 h - a +0 chain mail (worn)
 r - a +0 pair of boots (worn)
Magical Staves
 b - a staff of alchemy
Talismans
 t - a beast talisman
Scrolls
 d - 2 scrolls of noise {unknown}
 f - a scroll of teleportation {unknown}
 k - a scroll of brand weapon {unknown}
 p - a scroll of immolation {unknown}
 s - a scroll of fog {unknown}
 B - a scroll of blinking


   Skills:
 * Level 4.0 Fighting
 * Level 4.0(4.2) Axes
 + Level 1.4(2.7) Polearms
 * Level 3.1 Armour
 * Level 2.5 Dodging
 + Level 1.4 Stealth
 + Level 1.3 Spellcasting
 + Level 1.1 Alchemy
 + Level 1.4 Evocations


You had 7 spell levels left.
You didn't know any spells.
Your spell library contained the following spells:

 Spells                   Type           Power      Damage    Failure   Level
 Hailstorm                Conj/Ice       0%         3d5       100%        3
 Summon Ice Beast         Ice/Summ       0%         N/A       100%        3
 Permafrost Eruption      Ice/Erth       0%         2x4d2     100%        6
 Sculpt Simulacrum        Ice/Alch       1%         N/A       100%        6


Dungeon Overview and Level Annotations

Branches:
Dungeon (4/15)
 Temple: D:4-7

Altars:


Innate Abilities, Weirdness & Mutations

You can wield a second weapon in your off-hand.
It takes a long time for you to wield or remove held weapons.
Your first few attacks do less damage.
You cannot equip rings or amulets.


Message History

"Have a taste of chaos, mortal."
The ogre's +0 giant club erupts in a glittering mayhem of colour.
Throw: 11 darts (poison)
Press: ? - help, Q - select action, (/) - cycle Shift-Dir - straight line, f/p - ogre
Aim: an ogre, wielding a +1 giant club of chaos (lightly wounded, 73% to hit)
You throw a poisoned dart. The poisoned dart hits the ogre.
The ogre is poisoned.
The ogre is lightly wounded.
Throw: 10 darts (poison)
Press: ? - help, Q - select action, (/) - cycle Shift-Dir - straight line, f/p - ogre
Aim: an ogre, wielding a +1 giant club of chaos (lightly wounded, poisoned, 73% to hit)
You throw a poisoned dart. The poisoned dart hits the ogre.
The ogre is lightly wounded.
Throw: 9 darts (poison)
Press: ? - help, Q - select action, (/) - cycle Shift-Dir - straight line, f/p - ogre
Aim: an ogre, wielding a +1 giant club of chaos (moderately wounded, poisoned, 73% to hit)
You throw a poisoned dart. The poisoned dart hits the ogre.
The ogre looks even sicker.
The ogre is moderately wounded.
Throw: 8 darts (poison)
Press: ? - help, Q - select action, (/) - cycle Shift-Dir - straight line, f/p - ogre
Aim: an ogre, wielding a +1 giant club of chaos (moderately wounded, very poisoned, 73% to hit)
You throw a poisoned dart. The poisoned dart hits the ogre.
The ogre looks even sicker.
The ogre is moderately wounded.
You hit the ogre with your +0 hand axe of chaos.
You freeze the ogre.
The ogre is heavily wounded.
You barely miss the ogre with the +8 mace "Estim".
The ogre hits you with a +1 giant club of chaos!
* * * LOW HITPOINT WARNING * * *
The ogre burns you.
* * * LOW HITPOINT WARNING * * *
You take 19 damage, and have 10/48 hp.
MASSIVE DAMAGE!!
You barely miss the ogre with the +8 mace "Estim".
The ogre is heavily wounded.
You slash the ogre with your +0 hand axe of chaos!
The ogre convulses.
The ogre hits you with a +1 giant club of chaos!
You die...

# #####....##.# #
............# ####
##.##...O#### ...## ##.#.#
#...######## #.#.#
....<......# #.#.#
#...######.# #.#.# ##.## #.#
###########.#.# #[# #.#
#..@O(...((((.#
##.#######.###.##.##########
.).#...........##.#
.###.#####.###.##.#
..................#
####.#####.....#### #.#
#####.# #.# #.# #.# #.#


You could see an ogre (very poisoned).

Vanquished Creatures
  Sigmund (D:3)
  A killer bee (D:2)
  Natasha (twice) (D:2)
  An adder (D:2)
  2 gnolls (D:1)
  A dart slug (D:1)
  A ribbon worm (D:2)
  An orc (D:3)
  4 ball pythons
  5 endoplasms
  6 giant cockroaches
  3 goblins
  9 hobgoblins
  A jackal (D:3)
  9 kobolds
  2 quokkas (D:4)
  4 bats
  5 frilled lizards
  7 rats
65 creatures vanquished.

Vanquished Creatures (collateral kills)
  A black bear (D:4)
  A giant cockroach (D:4)
2 creatures vanquished.

Grand Total: 67 creatures vanquished

Notes
Turn   | Place    | Note
-------+----------+-------------------------------------------
     0 | D:1      | ezpacito the Coglin Chaos Knight began the quest for the
                  | Orb.
     0 | D:1      | Reached XP level 1. HP: 18/18 MP: 1/1
    78 | D:1      | Reached skill level 1 in Dodging
   146 | D:1      | Reached XP level 2. HP: 24/24 MP: 2/2
   219 | D:1      | Reached XP level 3. HP: 29/29 MP: 3/3
   219 | D:1      | XOM: silly message
   283 | D:1      | XOM: silly message
  1063 | D:2      | Reached XP level 4. HP: 35/35 MP: 5/5
  1233 | D:2      | Noticed Natasha
  1237 | D:2      | XOM: silly message
  1242 | D:2      | Killed Natasha
  1449 | D:2      | Noticed Natasha
  1456 | D:2      | Killed Natasha
  1478 | D:2      | Noticed Natasha
  1484 | D:2      | Natasha changed into Natasha the killer bee
  1484 | D:2      | Noticed Natasha
  1485 | D:2      | Killed Natasha the killer bee
  1486 | D:2      | Reached skill level 1 in Polearms
  1486 | D:2      | Reached skill level 1 in Stealth
  1486 | D:2      | Reached skill level 1 in Spellcasting
  1486 | D:2      | Reached XP level 5. HP: 30/41 MP: 6/6
  1760 | D:3      | Noticed Sigmund
  1769 | D:3      | XOM: enchant monster (good)
  1774 | D:3      | Killed Sigmund
  1775 | D:3      | Reached skill level 1 in Evocations
  1775 | D:3      | Reached XP level 6. HP: 46/48 MP: 7/7
  1835 | D:3      | You fall into a shaft and drop 1 floor!
  2359 | D:3      | Reached skill level 1 in Alchemy
  2378 | D:3      | XOM: god gift: 9 stones
  2526 | D:4      | XOM: 3-stop teleportation journey
  2597 | D:4      | Noticed a black bear
  2600 | D:4      | XOM: summons 6 friendly demons
  2602 | D:4      | Killed a black bear
  2608 | D:4      | Identified the +8 mace "Estim" {drain, rPois rC+ rN+}
  2639 | D:4      | XOM: god gift: scroll labelled IMNICOINTU {god gift}
  2654 | D:4      | HP: 2/48 [ogre/+0 giant club (25)]
  2654 | D:4      | XOM: butterfly on damage
  2666 | D:4      | XOM: polymorph butterfly -> iguana
  2696 | D:4      | XOM: chaos upgrade
  2704 | D:4      | Slain by an ogre

Illustrated notes

Levels and vault maps discovered:
D:1:      lemuel_arrival_river_ford, layout_basic, nrook_mini_backslash
D:2:      layout_loops_ring, minivault_19, uniq_natasha
D:3:      minmay_chambers_of_twos, layout_loops_ring, uniq_sigmund
D:4:      layout_loops_ring

Skill      XL: |  1  2  3  4  5  6 |
---------------+-------------------+-----
Dodging        | 1 2 |  2.5
Armour         | 2 3 |  3.1
Polearms       | 1 |  1.4
Stealth        | 1 |  1.4
Spellcasting   | 1 |  1.3
Evocations     | 1 |  1.4
Alchemy        | 1 |  1.1
Fighting       | 4 |  4.0
Axes           | 4 |  4.0

Action                     |  1- 3 |  4- 6 || total
---------------------------+-------+-------++-------
  Melee: Hand axe          |    42 |    68 ||   110
         Dagger            |     7 |       ||     7
         Spear             |    52 |    80 ||   132
         Mace              |       |     4 ||     4
  Throw: Dart              |       |     5 ||     5
    Use: Potion            |       |     7 ||     7
         Scroll            |       |     3 ||     3
   Stab: Sleeping          |     1 |       ||     1
         Held in net/web   |       |     1 ||     1
 Armour: Leather armour    |     9 |       ||     9
         Chain mail        |     7 |    57 ||    64
  Dodge: Dodged            |    16 |    20 ||    36

Table legend: (Time is in decaauts)
 A = Elapsed time spent in this place.
 B = Non-inter-level travel time spent in this place.
 C = Inter-level travel time spent in this place.
 D = Time resting spent in this place.
 E = Time spent auto-exploring this place.
 F = Levels seen in this place.
 G = Mean time per level.
                   A        B        C        D        E       F      G
               +--------+--------+--------+--------+--------+-----+--------+
         Total |   2718 |   2472 |    246 |     16 |   1991 |   4 |  679.5 |
       Dungeon |   2718 |   2472 |    246 |     16 |   1991 |   4 |  679.5 |
               +--------+--------+--------+--------+--------+-----+--------+

Top non-repeatable levels by time:
     D:3: 936 daAuts
     D:2: 799 daAuts
     D:1: 740 daAuts
     D:4: 241 daAuts
